Unix NetHack Version 5.0.0-0 post-release - last build May 17 2026 04:57:42 (dc50c8380fa5e20985bfe3072449f57b8d9895ef,branch:main).

Game began 2026-05-18 23:05:54, ended 2026-05-18 23:18:46.

Drastanta, neutral male gnomish Wizard

                  ---------------
   -------        |..............
   |.....-########..............|
   |.....|        ---------.-----
   |...%.|                 # #
   |......                ####
   |.....|                  #
   |......#########*###########
   -------                  ##
                           --l--
                           |...|
                           |.qq+
                           |..@|
                           |...|
                           |...|
                           |..{|
                           -----

Drastanta the Conjurer    St:8 Dx:13 Co:15 In:19 Wi:11 Ch:11  Neutral
Dlvl:6  $:65 HP:0(30) Pw:8(34) AC:9  Xp:4 T:1614 

Latest messages:
 The spell misses the leprechaun.
 You see here 46 rocks.
 Wizard needs food, badly!
 What do you want to eat? [ot-x or ?*] ?
 This cram ration is bland.
 You finish eating the cram ration.
 Your movements are now unencumbered.
 In what direction? 2
 The spell hits the leprechaun!
 You hear crashing rock.
 You feel wise!
 You must have been very observant.
 You climb up the stairs.
 What do you want to eat? [otvwx or ?*] ?
 This melon is delicious!
 You can't go up here.
 You descend the stairs.
 The rothe hits!
 The rothe bites!
 The rothe bites again!
 You miss the rothe.
 The rothe hits!
 The rothe bites!
 The rothe bites again!
 Are you sure you want to pray? [yn] (n) y
 You begin praying to Thoth.
 You are surrounded by a shimmering light.
 The rothe starts to attack you, but pulls back.
 The rothe starts to attack you, but pulls back.
 The rothe starts to attack you, but pulls back.
 The rothe starts to attack you, but pulls back.
 The rothe starts to attack you, but pulls back.
 You finish your prayer.
 You feel that Thoth is well-pleased.
 You feel much better.
 You miss the rothe.
 The rothe hits!
 The rothe bites!
 The rothe bites again!
 The rothe hits!
 The rothe bites!
 The rothe bites again!
 You hit the rothe.
 The rothe hits!
 The rothe bites!
 The rothe bites again!
 The rothe hits!
 You die...
 Do you want your possessions identified? [ynq] (y) y
 Do you want to see your attributes? [ynq] (y) q

Inventory:
 Coins    ('$')
  $ - 65 gold pieces
 Weapons  (')')
  a - a blessed +1 quarterstaff (weapon in hands)
 Armor    ('[')
  p - a cursed -1 pair of high boots
  b - an uncursed +0 cloak of magic resistance (being worn)
  A - an uncursed +0 leather armor
 Comestibles  ('%')
  t - an uncursed fortune cookie
  v - an uncursed pancake
  x - an uncursed tripe ration
  o - 2 uncursed eggs
 Scrolls  ('?')
  y - an uncursed scroll of confuse monster
  k - an uncursed scroll of destroy armor
  q - an uncursed scroll of enchant armor
  j - an uncursed scroll of food detection
  D - an uncursed scroll of remove curse
  z - a cursed scroll of stinking cloud
  i - an uncursed scroll of taming
 Spellbooks  ('+')
  m - an uncursed spellbook of create monster
  l - a blessed spellbook of force bolt
  E - an uncursed spellbook of force bolt
  s - an uncursed spellbook of identify
  h - an uncursed spellbook of protection
 Potions  ('!')
  f - an uncursed potion of enlightenment
  F - an uncursed potion of fruit juice
  B - an uncursed potion of gain ability
  g - an uncursed potion of polymorph
 Rings    ('=')
  e - an uncursed ring of fire resistance (on left hand)
  d - an uncursed ring of polymorph
  r - an uncursed ring of sustain ability
 Wands    ('/')
  c - a wand of locking (0:6)
 Tools    ('(')
  n - a magic marker (0:21)

Drastanta the Wizard's attributes:

Background:
 You were a Conjurer, a level 4 male gnomish Wizard.
 You were neutral, on a mission for Thoth
 who was opposed by Ptah (lawful) and Anhur (chaotic).
 You were right-handed.
 You were in the Dungeons of Doom, on level 6.
 You entered the dungeon 1614 turns ago.
 It was nighttime.
 There was a new moon in effect when your adventure ended.
 You had 113 experience points, 47 more were needed to attain level 5.

Basics:
 You had 0 out of 30 hit points.
 You had 8 out of 34 energy points (spell power).
 Your armor class was 9.
 Your wallet contained 65 zorkmids.
 Autopickup was off.

Final Characteristics:
 Your strength was 8 (limit:18/50).
 Your dexterity was 13 (limit:18).
 Your constitution was 15 (limit:18).
 Your intelligence was 19 (limit:19).
 Your wisdom was 11 (limit:18).
 Your charisma was 11 (limit:18).

Final Status:
 You weren't hungry.
 You were unencumbered.
 You were wielding a quarterstaff.
 You had basic skill with quarterstaff.

Final Attributes:
 You were devoutly aligned.
 You were magic-protected.
 You were fire resistant.
 Your items were protected from fire.
 You were telepathic.
 You had infravision.
 You were warded.
 You are dead.

Miscellaneous:
 You didn't encounter any bones levels.
 Total elapsed playing time was 12 minutes and 51 seconds.

Major events:
 Turn
    1: Drastanta the neutral male gnomish Wizard entered the dungeon
  318: entered the Gnomish Mines
  576: attained the rank of Conjurer (level 3)
 1614: killed by a rothe

Spells:
 Name                 Level Category     Fail Retention
 force bolt             1   attack         0%  91%-100%
 create monster         2   clerical      35%  76%-100%

Skills:
 Fighting Skills
   bare handed combat [Unskilled]
   riding             [Unskilled]
 Weapon Skills
   dagger             [Unskilled]
   knife              [Unskilled]
   axe                [Unskilled]
   short sword        [Unskilled]
   club               [Unskilled]
   mace               [Unskilled]
   quarterstaff       [Basic]
   polearms           [Unskilled]
   spear              [Unskilled]
   trident            [Unskilled]
   sling              [Unskilled]
   dart               [Unskilled]
   shuriken           [Unskilled]
 Spellcasting Skills
   attack spells      [Basic]
   healing spells     [Unskilled]
   divination spells  [Unskilled]
   enchantment spells [Basic]
   clerical spells    [Unskilled]
   escape spells      [Unskilled]
   matter spells      [Unskilled]

Voluntary challenges:
 Character rerolling was not enabled.
 You were illiterate.
 You never genocided any monsters.
 You never polymorphed an object.
 You never changed form.
 You used no wishes.
Achievements:
 You entered the Gnomish Mines.
 You attained the rank of Conjurer.

 The Dungeons of Doom: levels 1 to 6
    Level 1:
    Level 2:
       Stairs down to The Gnomish Mines.
    Level 3:
       Some fountains.
    Level 4:
       A fountain.
    Level 5:
    Level 6: <- You were here.
       A fountain.
       Final resting place for
          you, killed by a rothe.
 The Gnomish Mines:
    Level 3:


Vanquished creatures:
  a little dog
  2 floating eyes
  a kitten
  a kobold shaman
  a dwarf zombie
 an acid blob
  2 hobbits
  a large kobold
  a yellow mold
  2 geckos
  a jackal
  a fox
  2 kobolds
  a goblin
  a sewer rat
  5 grid bugs
  3 bats
  3 lichens
  a kobold zombie
  2 newts
33 creatures vanquished.

No species were genocided or became extinct.

Game over:
                       ----------
                      /          \
                     /    REST    \
                    /      IN      \
                   /     PEACE      \
                  /                  \
                  |    Drastanta     |
                  |      65 Au       |
                  |   killed by a    |
                  |      rothe       |
                  |                  |
                  |                  |
                  |       2026       |
                 *|     *  *  *      | *
        _________)/\\_//(\/(/\)/\//\/|_)_______

Goodbye Drastanta the Wizard...

You died in The Dungeons of Doom on dungeon level 6 with 761 points,
and 65 pieces of gold, after 1614 moves.
You were level 4 with a maximum of 30 hit points when you died.

